 Dungeon Crawl Stone Soup version 0.29.0-4-gdea44cf6ec (webtiles) character file.

Game seed: 6455582491320688604

14 qw the Sneak (level 2, -4/19 HPs)
             Began as a Gargoyle Delver on Sept 10, 2022.
             Slain by an ice beast (8 damage)
             ... on level 5 of the Dungeon.
             The game lasted 00:00:05 (422 turns).

qw the Sneak (Gargoyle Delver)                       Turns: 422, Time: 00:00:06

Health: -4/19      AC:  5    Str: 15    XL:     2   Next: 45%
Magic:  2/2        EV: 11    Int: 10    God:
Gold:   19         SH:  0    Dex: 11    Spells: 1/1 levels left

rFire   . . .      SeeInvis .   a - +0 hand axe
rCold   . . .      Faith    .   (no shield)
rNeg    + . .      Spirit   .   b - +0 leather armour
rPois   inf        Reflect  .   (no helmet)
rElec   +          Harm     .   (no cloak)
rCorr   .          Rampage  .   (no gloves)
Will    .....                   (no boots)
Stlth   +++.......              (no amulet)
HPRegen 0.06/turn               (no ring)
MPRegen 0.08/turn               (no ring)

@: no status effects
A: sickness immunity, AC +2, negative energy resistance 1, electricity
resistance, torment resistance 1, petrification resistance
a: no special abilities


You were on level 5 of the Dungeon.
You visited 1 branch of the dungeon, and saw 1 of its levels.

You collected 19 gold pieces.


Innate Abilities, Weirdness & Mutations

You are immune to sickness and miasma.
Your stone body is resilient. (AC +2)
You are immune to poison.
You resist negative energy. (rN+)
You are resistant to electric shocks. (rElec)
You are resistant to unholy torment.
You are immune to petrification.


   Skills:
 - Level 3.2 Fighting
 + Level 2.7 Axes
 - Level 1.5 Dodging
 - Level 5.4 Stealth


You had one spell level left.
You didn't know any spells.
Your spell library was empty.

Inventory:

Hand Weapons
 a - a +0 hand axe (weapon)
Armour
 b - a +0 leather armour (worn)
 h - a +0 ring mail
Wands
 g - a wand of digging (3)
Scrolls
 c - a scroll of fog
 d - a scroll of magic mapping
 e - a scroll of fear
 i - a scroll of identify {unknown}
Potions
 f - a potion of haste
 j - a potion of attraction {unknown}

Dungeon Overview and Level Annotations

Branches:
Dungeon (5/15)
 Temple: D:4-7

Altars:
Ashenzari
Kikubaaqudgha
Nemelex Xobeh


Message History

The adder is moderately wounded.
The adder barely misses you. The adder bites you.
You hit the adder.
The adder is almost dead.
The adder bites you but does no damage. x2
You hit the adder.
You kill the adder!
You have reached level 2!
You start resting.
HP restored.
Found a robe and a dagger.
i - a scroll labelled FASEOD VEFI You now have 19 gold pieces (gained 11).
Found an ancient bone altar of Kikubaaqudgha.
j - a red potion
Found a sparkling altar of Nemelex Xobeh.
Found 9 gold pieces.
413 ||| Stepping ~*~*~tactically~*~*~ (stealth).
Found a broken altar of Ashenzari.
You hit the ice beast.
The ice beast is lightly wounded.
The ice beast closely misses you. The ice beast hits you.
The ice beast freezes you!
Ouch! That really hurt!
You hit the ice beast.
The ice beast is lightly wounded.
The ice beast hits you but does no damage.
You hit the ice beast but do no damage.
The ice beast is lightly wounded.
The ice beast hits you but does no damage.
You hit the ice beast.
The ice beast is moderately wounded.
The ice beast hits you but does no damage.
You barely miss the ice beast.
The ice beast is moderately wounded.
The ice beast barely misses you.
You barely miss the ice beast.
The ice beast is moderately wounded.
The ice beast hits you. The ice beast freezes you!
You die...

##.## . #...# ### ..
#...# #.. .#. #...# #.#
... #...# #.# .. .
######...######.#.#._..
##..............@Y....$.
................#..._..}
##..........[...........
######...########.#....
#...# ....._ #...#
####.. #.).# # ....#
......


You could see an ice beast.

Vanquished Creatures
  An adder (D:5)
  An ufetubus (D:5)
2 creatures vanquished.

Notes
Turn   | Place    | Note
-------+----------+-------------------------------------------
     0 | D:5      | qw the Gargoyle Delver began the quest for the Orb.
     0 | D:5      | Reached XP level 1. HP: 14/14 MP: 1/1
     0 | D:5      | 0 ||| qw: Version: 0.1-a-116-g5d60599
     0 | D:5      | 0 ||| qw: Game counter: 8914
     0 | D:5      | 0 ||| qw: Always use a shield: true
     0 | D:5      | 0 ||| qw: God list: Okawaru
     0 | D:5      | 0 ||| qw: Allow faded altars: false
     0 | D:5      | 0 ||| qw: Do Orc after D:15 true
     0 | D:5      | 0 ||| qw: Do second Lair branch before Depths: true
     0 | D:5      | 0 ||| qw: Lair rune preference: random
     0 | D:5      | 0 ||| qw: Plans: Normal
     0 | D:5      | 0 ||| PLANNING D:1-11
    51 | D:5      | 51 ||| Stepping ~*~*~tactically~*~*~ (stealth).
    53 | D:5      | 53 ||| Stepping ~*~*~tactically~*~*~ (stealth).
    59 | D:5      | HP: 2/14 [ufetubus (4)]
   379 | D:5      | Noticed an ice beast
   380 | D:5      | 380 ||| Stepping ~*~*~tactically~*~*~ (stealth).
   393 | D:5      | Reached XP level 2. HP: 18/19 MP: 2/2
   409 | D:5      | Found an ancient bone altar of Kikubaaqudgha.
   411 | D:5      | Found a sparkling altar of Nemelex Xobeh.
   413 | D:5      | 413 ||| Stepping ~*~*~tactically~*~*~ (stealth).
   414 | D:5      | Found a broken altar of Ashenzari.
   422 | D:5      | HP: 4/19 [ice beast (3)]
   422 | D:5      | Slain by an ice beast

Levels and vault maps discovered:
D:5:      layout_loops_cross, grunt_temple_overflow_open, uniq_prince_ribbit1

Skill      XL: |  1 |
---------------+----+-----
Axes           | 2 |  2.7
Fighting       | |  3.2
Dodging        | |  1.5
Stealth        | |  5.4

Action                   || total
-------------------------++-------
Melee: Hand axe          ||    20
Armor: Leather armour    ||    17
Dodge: Dodged            ||    20

Table legend:
 A = Non-vault XP
 B = Vault XP
 C = Vault XP percentage of total XP
 D = Non-vault monster count
 E = Vault monster count
 F = Vault count percentage of total count
                 A         B        C        D         E       F
            +---------+---------+-------+---------+---------+-------
      Total |      21 |       0 |   0.0 |       2 |       0 |   0.0
            +---------+---------+-------+---------+---------+-------
        D:5 |      21 |       0 |   0.0 |       2 |       0 |   0.0
            +---------+---------+-------+---------+---------+-------
